 Dungeon Crawl Stone Soup version 0.30.0-29-ga12c61a403 (webtiles) character file.

Game seed: 15667188940595068243

67 Chilbo the Twirler (level 4, 0/33 HPs)
             Began as a Human Gladiator on June 13, 2023.
             Blown up by Ijyb (18 damage)
             ... with a mindburst bolt
             ... on level 3 of the Dungeon.
             The game lasted 00:10:56 (1941 turns).

Chilbo the Twirler (Human Gladiator)                Turns: 1941, Time: 00:10:57

Health: 0/33       AC:  5    Str: 16    XL:     4   Next: 38%
Magic:  4/4        EV: 12    Int:  9    God:
Gold:   149        SH:  0    Dex: 14    Spells: 3/3 levels left

rFire   . . .        a - +0 quarterstaff
rCold   . . .        (shield currently unavailable)
rNeg    . . .        b - +0 leather armour
rPois   .            c - +0 helmet
rElec   .            o - +0 cloak
rCorr   .            (no gloves)
SInv    .            (no boots)
Will    .....        g - amulet of the acrobat
Stlth   +            (no ring)
HPRegen 0.25/turn    (no ring)
MPRegen 0.09/turn

%: acrobat
@: no status effects
A: no striking features
a: no special abilities


You were on level 3 of the Dungeon.
You visited 1 branch of the dungeon, and saw 3 of its levels.

You collected 149 gold pieces.

Inventory:

Hand Weapons
 a - a +0 quarterstaff (weapon)
Missiles
 d - 3 throwing nets
 e - a javelin
 h - 5 poisoned darts
 r - 5 atropa-tipped darts (quivered)
Armour
 b - a +0 leather armour (worn)
 c - a +0 helmet (worn)
 o - a +0 cloak (worn)
Jewellery
 g - an amulet of the acrobat (around neck)
Scrolls
 f - 4 scrolls of identify {unknown}
 i - a scroll of blinking {unknown}
 l - a scroll of enchant weapon {unknown}
 n - a scroll of fog {unknown}
 p - a scroll of amnesia {unknown}
 q - a scroll of magic mapping {unknown}
 t - 2 scrolls of teleportation {unknown}
Potions
 j - a potion of lignification {unknown}
 k - a potion of resistance {unknown}
 m - a potion of brilliance {unknown}
 s - 2 potions of curing {unknown}


   Skills:
 - Level 2.0 Fighting
 * Level 4.9 Staves
 - Level 2.0 Throwing
 - Level 3.0 Dodging


You had 3 spell levels left.
You didn't know any spells.
Your spell library was empty.

Dungeon Overview and Level Annotations

Branches:
Dungeon (3/15)

Altars:

Annotations:
D:3 Ijyb


Message History

Items here: )) [ †.
Okay, then.
You start resting.
HP restored.
There is a stone staircase leading down here.
You climb downwards.
There is a stone staircase leading up here.
Ijyb the Twisted Goblin comes into view.
She is wielding a +0 dagger, wearing a +1 ring mail of willpower and carrying a wand of mindburst (7).
Found a scroll labelled ZIOPNYOZUFIE and 13 gold pieces.
Found a stone staircase leading up.
Ijyb shouts!
A kobold comes into view.
It is wielding a +0 club and quivering poisoned darts.
Ijyb moves out of view.
Press: ? - help, v - describe, . - travel
Here: Ijyb, wielding a +0 dagger, wearing a +1 ring mail of willpower and carrying a wand of mindburst (7)
The floor.
Ijyb zaps a wand.
You barely resist.
Throw: 8 darts (poison)
Press: ? - help, Q - select action, (/) - cycle Shift-Dir - straight line, f - Ijyb
Aim: Ijyb, wielding a +0 dagger, wearing a +1 ring mail of willpower and carrying a wand of mindburst (6) (57% to hit)
You throw a poisoned dart. The poisoned dart hits Ijyb.
Ijyb is poisoned.
Throw: 7 darts (poison)
Press: ? - help, Q - select action, (/) - cycle Shift-Dir - straight line, f/p - Ijyb
Aim: Ijyb, wielding a +0 dagger, wearing a +1 ring mail of willpower and carrying a wand of mindburst (6) (poisoned, 57% to hit)
You throw a poisoned dart. The poisoned dart hits Ijyb.
Ijyb looks even sicker.
Ijyb zaps a wand.
Your mind is blasted!
Throw: 6 darts (poison)
Press: ? - help, Q - select action, (/) - cycle Shift-Dir - straight line, f/p - Ijyb
Aim: Ijyb, wielding a +0 dagger, wearing a +1 ring mail of willpower and carrying a wand of mindburst (5) (very poisoned, 57% to hit)
You throw a poisoned dart. The poisoned dart hits Ijyb.
Ijyb looks even sicker.
Ijyb zaps a wand.
Your mind is blasted!
There is a stone staircase leading up here.
You hit Ijyb but do no damage.
Ijyb is heavily wounded.
Ijyb zaps a wand.
You barely resist. You sock Ijyb!
Ijyb is almost dead.
Ijyb zaps a wand.
Your mind is blasted!
Ouch! That really hurt!
You die...

###### #....# #....#
########....#
######...<..g....#
#####.....g######....#
######..........@..#
#....#
.......####........#
#....##
#...............#
###.g.#
###.######........#
###(# ##.(.#
####..#### #(# ...###
..## #.# .### #.## #.#
.# #. #g# .#
#?.......$


You could see Ijyb (poisoned).

Vanquished Creatures
  An adder (D:2)
  2 dart slugs
  2 worms (D:2)
  2 orcs (D:2)
  4 endoplasms
  4 giant cockroaches
  4 goblins (D:1)
  6 hobgoblins
  3 ball pythons
  3 bats (D:1)
  A frilled lizard (D:1)
  6 kobolds
  5 rats (D:1)
43 creatures vanquished.

Notes
Turn   | Place    | Note
-------+----------+-------------------------------------------
     0 | D:1      | Chilbo the Human Gladiator began the quest for the Orb.
     0 | D:1      | Reached XP level 1. HP: 16/16 MP: 1/1
    83 | D:1      | Reached XP level 2. HP: 15/22 MP: 2/2
   201 | D:1      | Found a faded altar of an unknown god.
   366 | D:1      | Reached skill level 4 in Staves
   366 | D:1      | Reached XP level 3. HP: 21/27 MP: 3/3
  1044 | D:2      | Reached XP level 4. HP: 33/33 MP: 4/4
  1914 | D:3      | Noticed Ijyb
  1941 | D:3      | Blown up by Ijyb

Illustrated notes

Levels and vault maps discovered:
D:1:      eino_arrival_water_cross, layout_basic,
          ebering_ecumenical_altar_ruins, minmay_bisected
D:2:      layout_loops_corners, minmay_misc_feat_cross
D:3:      layout_rooms, serial_bayou_crossing, uniq_ijyb

Skill      XL: |  1  2 |
---------------+-------+-----
Staves         | 4 |  4.9
Fighting       | |  2.0
Throwing       | |  2.0
Dodging        | |  3.0

Action                     |  1- 3 |  4- 6 || total
---------------------------+-------+-------++-------
  Melee: Quarterstaff      |   121 |    35 ||   156
  Throw: Dart              |       |     3 ||     3
 Armour: Leather armour    |    32 |     7 ||    39
  Dodge: Dodged            |    63 |    18 ||    81
